 Dungeon Crawl Stone Soup version 0.27-a0-103-g6cd7b45605 (webtiles) character file.

Game seed: 2301157906527705283

9 knot the Chopper (level 2, 20/24 HPs)
             Began as a Demonspawn Berserker on Jan 23, 2021.
             Was a Follower of Trog.
             Quit the game on level 1 of the Dungeon.
             The game lasted 00:00:12 (77 turns).

knot the Chopper (Demonspawn Berserker)               Turns: 77, Time: 00:00:12

Health: 20/24      AC:  2    Str: 17    XL:     2   Next: 3%
Magic:  2/2        EV: 12    Int: 10    God:    Trog [*.....]
Gold:   10         SH:  0    Dex: 12    Spells: 1/1 levels left

rFire    . . .     SeeInvis .   a - +0 hand axe
rCold    . . .     Faith    .   (no shield)
rNeg     . . .     Spirit   .   b - +0 animal skin
rPois    .         Reflect  .   (no helmet)
rElec    .         Harm     .   (no cloak)
rCorr    .         Rampage  .   (no gloves)
Will     .....                  (no boots)
Stlth    +.........             (no amulet)
HPRegen  0.08/turn              (no ring)
MPRegen  0.08/turn              (no ring)

@: no status effects
A: big brain 1
a: Renounce Religion, Berserk


You were on level 1 of the Dungeon.
You worshipped Trog.
Trog was aware of your devotion.
You visited 1 branch of the dungeon, and saw 1 of its levels.

You collected 10 gold pieces.

Inventory:

Hand Weapons
 a - a +0 hand axe (weapon)
Armour
 b - a +0 animal skin (worn)
Jewellery
 d - an uncursed ring of fire {unknown}
Potions
 c - a potion of curing {unknown}
 e - a potion of flight {unknown}


   Skills:
 - Level 3.0 Fighting
 + Level 3.2 Axes
 - Level 1.7 Armour
 - Level 1.7 Dodging


You had one spell level left.
You didn't know any spells.
Your spell library was empty.

Dungeon Overview and Level Annotations

Branches:
Dungeon (1/15)

Altars:


Innate Abilities, Weirdness & Mutations

You have an unusually large brain. (Int +2)


Message History

d - a small iron ring
Things that are here:
a +0 club; a hobgoblin corpse You now have 10 gold pieces.
e - a fuming red potion A leopard gecko comes into view.
The leopard gecko hisses angrily.
Found a dagger.
A leopard gecko is nearby!
You miss the leopard gecko. The leopard gecko barely misses you.
You miss the leopard gecko. The leopard gecko bites you.
The leopard gecko barely misses you.
You closely miss the leopard gecko. The leopard gecko misses you.
You slash the leopard gecko!
You kill the leopard gecko!
Trog accepts your kill.
You have reached level 2!
Your demonic ancestry asserts itself...
Your brain expands.
Are you sure you want to abandon this character and quit the game? (Confirm with "yes".)

.......................#
..#....................#
..#.##.................#
..#.##........##.#######
..#.. ...........# ...
.........# ## .........#
.........## #.......@.#
#.......†.# ..........+
..##......# #.......
#.)...... ..###.... ...
#.....


There were no monsters in sight!

Vanquished Creatures
  An ooze (D:1)
  A leopard gecko (D:1)
  A hobgoblin (D:1)
  A rat (D:1)
4 creatures vanquished.

Notes
Turn   | Place    | Note
-------+----------+-------------------------------------------
     0 | D:1      | knot the Demonspawn Berserker began the quest for the Orb.
     0 | D:1      | Reached XP level 1. HP: 18/18 MP: 1/1
    77 | D:1      | Gained mutation: You have an unusually large brain. (Int
                  | +2) [demonic ancestry]
    77 | D:1      | Reached XP level 2. HP: 20/24 MP: 2/2
    77 | D:1      | Quit the game

Illustrated notes

Levels and vault maps discovered:
D:1:      dpeg_arrival_windows_large_door, layout_basic

Skill      XL: |  1 |
---------------+----+-----
Axes           | 3 |  3.2
Fighting       | |  3.0
Armour         | |  1.7
Dodging        | |  1.7

Action                   || total
-------------------------++-------
Melee: Hand axe          ||     9
Armor: Animal skin       ||     1
Dodge: Dodged            ||     5

Table legend: (Time is in decaauts)
 A = Elapsed time spent in this place.
 B = Non-inter-level travel time spent in this place.
 C = Inter-level travel time spent in this place.
 D = Time resting spent in this place.
 E = Time spent auto-exploring this place.
 F = Levels seen in this place.
 G = Mean time per level.
                   A        B        C        D        E       F      G
               +--------+--------+--------+--------+--------+-----+--------+
         Total |     78 |     78 |      0 |      0 |     48 |   1 |   78.0 |
       Dungeon |     78 |     78 |      0 |      0 |     48 |   1 |   78.0 |
               +--------+--------+--------+--------+--------+-----+--------+

Top non-repeatable levels by time:
     D:1: 78 daAuts
